 Dungeon Crawl Stone Soup version 0.17.2 (webtiles) character file.

77 ololoev the Slasher (level 4, -4/35 HPs)
             Began as a Mummy Chaos Knight on June 29, 2016.
             Slain by a gnoll
             ... wielding a +1 spear of chaos
              (10 damage)
             ... on level 1 of the Dungeon.
             The game lasted 00:03:09 (2556 turns).

ololoev the Slasher (Mummy Chaos Knight)            Turns: 2556, Time: 00:03:10

Health: -4/35      AC:  5    Str: 16    XL:     4   Next: 14%
Magic:  4/4        EV: 11    Int: 11    God:    Xom [...*..]
Gold:   87         SH:  0    Dex: 11    Spells: 0 memorised, 3 levels left

rFire  x . .     SeeInvis .     a - +0 falchion (chaos)
rCold  + . .     Clarity  .     b - +2 leather armour
rNeg   + + +     SustAt   .     (no shield)
rPois  ∞         Gourm    .     (no helmet)
rElec  .         Spirit   .     (no cloak)
rCorr  .         Warding  .     (no gloves)
rMut   .         Stasis   .     (no boots)
MR     .....                    (no amulet)
Stlth  +.........               (no ring)
                                (no ring)

@: not resistant to hostile enchantments, very unstealthy
A: no food or potions, fire vulnerability, cold resistance 1, negative energy
resistance 3, torment resistance, unbreathing
a: Renounce Religion


Innate Abilities, Weirdness & Mutations

You do not eat or drink.
Your flesh is vulnerable to fire.
You are immune to poison.
Your flesh is cold resistant.
You are immune to negative energy.
You are immune to unholy pain and torment.
You can survive without breathing.

Inventory:

Hand Weapons
 a - a +0 falchion of chaos (weapon)
Armour
 b - a +2 leather armour (worn)
Wands
 i - a wand of flame (11)
Scrolls
 c - a scroll of teleportation {unknown}
 d - a scroll of random uselessness {unknown}
 e - 2 scrolls of immolation {unknown}
 f - a scroll of enchant armour {unknown}
 g - a scroll of amnesia {unknown}
 h - a scroll of remove curse {unknown}
 j - a scroll of identify {unknown}


   Skills:
 - Level 3.0 Fighting
 * Level 3.5 Long Blades
 + Level 2.4 Armour
 - Level 0.7 Dodging
 + Level 0.4 Evocations


You had 3 spell levels left.
You didn't know any spells.


You were on level 1 of the Dungeon.
You worshipped Xom.
You were a favourite toy of Xom.
You were not hungry.

You visited 1 branch of the dungeon, and saw 2 of its levels.

You collected 87 gold pieces.

#.#..#.#..........#.###
#....#....g.........#
#.#..#.#.........####
#.#.(#.##........#
#.#..#.##........#
#......##........#
###..#g##........#
#..#)##......###
#######.#@##......#
#...#.#...##......#
#...#.......#.....######
#...+.......#.....#....###
#..(#...#.#.#.....#.......
###...........#.....#......#
###[........#.#....#####.....#
#..................##.##.....#
#.#####.#.....#.##.##.##......

Notes
Turn   | Place    | Note
--------------------------------------------------------------
     0 | D:1      | ololoev the Mummy Chaos Knight began the quest for the Orb.
     0 | D:1      | Reached XP level 1. HP: 18/18 MP: 1/1
   111 | D:1      | XOM: harmless Summ miscast
   303 | D:1      | XOM: divination: detect items
   311 | D:1      | XOM: smoke on damage
   323 | D:1      | Reached XP level 2. HP: 16/24 MP: 2/2
   395 | D:1      | XOM: harmless Trmt miscast
   851 | D:1      | Reached XP level 3. HP: 29/29 MP: 3/3
   854 | D:1      | XOM: harmless Erth miscast
   928 | D:1      | XOM: divination: detect creatures
  1074 | D:1      | XOM: silly message
  1191 | D:2      | Found a faded altar to an unknown god.
  1251 | D:2      | Found Gozag's Platinum Reserve.
  1252 | D:2      | Found an opulent altar of Gozag.
  1439 | D:2      | Found a glowing golden altar of the Shining One.
  1485 | D:2      | Found a stormy altar of Qazlal.
  1727 | D:2      | XOM: scenery: 2 doors close
  2066 | D:2      | XOM: silly message
  2075 | D:2      | XOM: potion effect (heal wounds)
  2108 | D:2      | Reached XP level 4. HP: 3/35 MP: 2/4
  2147 | D:1      | XOM: cast spell 'Summon Butterflies'
  2489 | D:1      | XOM: harmless Erth miscast
  2497 | D:1      | XOM: blink monster(s)
  2556 | D:1      | Slain by a gnoll

Dungeon Overview and Level Annotations

Branches:
Dungeon (2/15)

Altars:
Gozag
Qazlal
The Shining One

Shops:
D:2 *


Message History

"Over there now!"
The gnoll blinks!
You are now a favourite toy of Xom.
The gnoll barely misses you.
The gnoll hits you from afar with a spear of chaos!
The gnoll burns you.
You hit the gnoll but do no damage.
The gnoll is poisoned.
The gnoll hits you but does no damage.
The gnoll hits you from afar with a spear of chaos.
You blink.
The gnoll hits you from afar with a spear of chaos.
The gnoll burns you.
The gnoll looks more healthy.
There is an open door here.
You close the door.
A gnoll opens the door.
You see here 18 arrows.
You see here a stone.
Evoke which item? (* to show all) (? for menu, Esc to quit)
Zapping:
i - a wand of flame (will waste charges)
Press: ? - help, Shift-Dir - straight line, f - gnoll
Aim: a gnoll, wielding a dagger of chaos (heavily wounded)
The puff of flame hits the gnoll.
The gnoll is almost dead.
Evoking this partially-identified wand wasted a few charges.
Evoke which item? (* to show all) (? for menu, Esc to quit)
Zapping:
i - a wand of flame {zapped: 3} (will waste charges)
Press: ? - help, Shift-Dir - straight line, f/p - gnoll
Aim: a gnoll, wielding a dagger of chaos (almost dead)
The puff of flame hits the gnoll.
You kill the gnoll!
Evoking this partially-identified wand wasted a few charges.
Evoke which item? (* to show all) (? for menu, Esc to quit)
Zapping:
i - a wand of flame {zapped: 5} (will waste charges)
Press: ? - help, Shift-Dir - straight line, f - gnoll
Aim: a gnoll, wielding a spear of chaos The puff of flame hits the gnoll.
The gnoll is heavily wounded.
Evoking this partially-identified wand wasted a few charges.
The gnoll hits you from afar with a spear of chaos!
You die...

You could see a gnoll.

Vanquished Creatures
  2 gnolls
  2 adders (D:2)
  A worm (D:2)
  9 bats (D:1)
  6 goblins
  2 hobgoblins (D:1)
  4 jackals (D:1)
  A ball python (D:2)
  A giant gecko (D:1)
  7 kobolds
  3 rats
38 creatures vanquished.

Action                   |  1- 3 |  4- 6 || total
-------------------------+-------+-------++-------
Melee: Falchion          |   141 |     6 ||   147
Evoke: Wand              |       |     3 ||     3

Vault maps used:
D:1:      nagdon_arrival_double_spiral
D:2:      lemuel_doored_altar, nicolae_overflow_crystal_walls, tgw_xom,
          nicolae_gozag_zags_fifth_avenue, ecumenical_altar_1
